 Dungeon Crawl Stone Soup version 0.19-a0-1815-g4007336 (webtiles) character file.

1414 Ijustatesigmund the Thaumaturge (level 8, -3/42 HPs)
             Began as a Spriggan Wizard on Oct 5, 2016.
             Slain by a water moccasin (6 damage)
             ... on level 7 of the Dungeon.
             The game lasted 00:32:08 (10729 turns).

Ijustatesigmund the Thaumaturge (Spriggan Wizard)  Turns: 10729, Time: 00:32:09

Health: -3/42      AC:  4    Str:  3    XL:     8   Next: 43%
Magic:  3/30       EV: 20    Int: 22    God:
Gold:   270        SH:  0    Dex: 14    Spells: 7 memorised, 7 levels left

rFire  . . .     SeeInvis +     m - +2 flail (holy)
rCold  . . .     Gourm    .     a - +0 robe
rNeg   . . .     Faith    .     (shield restricted)
rPois  +         Spirit   .     b - +1 hat
rElec  .         Dismiss  .     t - +0 cloak
rCorr  .         Reflect  .     (gloves unavailable)
MR     +....     Harm     .     (boots unavailable)
Stlth  +++.......               (no amulet)
                                x - ring of magical power
                                j - ring of poison resistance

@: very slightly contaminated, repel missiles, drained, very quick
A: unfitting armour, see invisible, herbivore 3, speed 3, slow metabolism 2
a: no special abilities


You were on level 7 of the Dungeon.
You were not hungry.

You visited 1 branch of the dungeon, and saw 8 of its levels.

You collected 285 gold pieces.
You spent 15 gold pieces at shops.

Inventory:

Hand Weapons
 e - a +1 mace of crushing
 g - a +0 dagger
 m - a +2 flail of holy wrath (weapon)
Missiles
 s - a throwing net (quivered)
Armour
 a - a +0 robe (worn)
 b - a +1 hat (worn)
 t - a +0 cloak (worn)
Jewellery
 j - a ring of poison resistance (left hand)
 x - a ring of magical power (right hand)
 B - an uncursed amulet of faith
Wands
 o - a wand of lightning (10/15)
 F - a wand of acid (7/15)
Scrolls
 p - 3 scrolls of teleportation
 r - a scroll of amnesia
 v - a scroll of fog
 w - a scroll of enchant armour
 y - a scroll of blinking
 A - a scroll of immolation
 G - 2 scrolls of remove curse
Potions
 f - 4 potions of haste
 h - 2 potions of flight
 l - 4 potions of curing
 n - 4 potions of agility {unknown}
 q - a potion of heal wounds {unknown}
 u - 2 potions of resistance {unknown}
 z - a potion of beneficial mutation {unknown}
 C - a potion of brilliance {unknown}
Books
 c - a book of Minor Magic

   Spells                             Type                      Level
   a - Magic Dart                     Conjuration                  1
   b - Blink                          Translocation                2
   c - Call Imp                       Summoning                    2
   d - Repel Missiles                 Charms/Air                   2
   e - Slow                           Hexes                        2
   f - Conjure Flame                  Conjuration/Fire             3
   g - Mephitic Cloud                 Conjuration/Poison/Air       3
 k - a book of Battle

   Spells                             Type                      Level
   a - Infusion                       Charms                       1
   b - Shroud of Golubria             Charms/Translocation         2
   c - Song of Slaying                Charms                       2
   d - Spectral Weapon                Hexes/Charms                 3
   e - Regeneration                   Charms/Necromancy            3
Comestibles
 d - 6 bread rations
 i - 3 fruits
 E - a royal jelly


   Skills:
 - Level 4.0(3.8) Fighting
 - Level 6.1(5.9) Dodging
 - Level 6.1(6.0) Stealth
 - Level 8.4(8.2) Spellcasting
 + Level 0.6(0.4) Conjurations
 - Level 3.0(2.8) Charms
   Level 0.7(0.5) Summonings
 - Level 2.0(1.8) Necromancy
 - Level 4.0(3.8) Translocations
 + Level 0.0 Fire Magic


You had 7 spell levels left.
You knew the following spells:

 Your Spells              Type           Power        Failure   Level  Hunger
a - Magic Dart            Conj           ##..         8%          1    None
b - Blink                 Tloc           N/A          2%          2    None
c - Repel Missiles        Chrm/Air       ###...       10%         2    None
d - Conjure Flame         Conj/Fire      ##......     21%         3    None
e - Mephitic Cloud        Conj/Pois/Air  #.......     21%         3    None
f - Regeneration          Chrm/Necr      ###.......   12%         3    None
g - Shroud of Golubria    Chrm/Tloc      ###.......   3%          2    None


Dungeon Overview and Level Annotations

Branches:
Dungeon (8/15)             Temple (0/1) D:4            Lair (0/6) D:8

Altars:
Elyvilon
Zin

Shops:
D:4 }   D:7 *

Annotations:
D:3 Ijyb
D:7 2 runed doors


Innate Abilities, Weirdness & Mutations

You are very small and have problems with some larger weapons.
You are too small for most types of armour.
You have supernaturally acute eyesight. (SInv)
You are a herbivore.
You cover ground extremely quickly.
You need consume almost no food.


Message History

* * * LOW HITPOINT WARNING * * *
The water moccasin barely misses you.
Casting: Magic Dart
Confirm with . or Enter, or press ? or * to list all spells.
Aiming: Magic Dart
Press: ? - help, Shift-Dir - straight line, f/p - water moccasin
Aim: a water moccasin (severely wounded)
The magic dart hits the water moccasin.
The water moccasin is severely wounded.
The water moccasin bites you!
* * * LOW HITPOINT WARNING * * *
Casting: Magic Dart
Confirm with . or Enter, or press ? or * to list all spells.
Aiming: Magic Dart
Press: ? - help, Shift-Dir - straight line, f/p - water moccasin
Aim: a water moccasin (severely wounded)
The magic dart hits the water moccasin.
The water moccasin is almost dead.
The water moccasin misses you. The water moccasin bites you.
You die...

####.l..###.#########
.#...##.##.†.l......#
.#.#.##...).####l##.#
.....######## #.....#
...>## ##.#### #...#
#.# ...## #.# ##.#
####### #S# ...#
#.....# #@#
##.####.....# #.#
##..........# ...
##.####.....# ##.#.
##.# #.....# #....
##.# ####### ### .#
...# .# #### # ####


You could see a water moccasin and an iguana (confused).

Vanquished Creatures
  2 ogres
  A black bear (D:7)
  2 centaurs
  A crocodile (D:8)
  2 bullfrogs (D:7)
  2 scorpions
  A hound (D:3)
  An orc priest (D:3)
  A bullfrog zombie (D:6)
  A jelly (D:6)
  A centaur zombie (D:5)
  A bullfrog skeleton (D:5)
  3 orc wizards
  Natasha (thrice) (D:3)
  An iguana (D:7)
  2 worker ants
  The ghost of brucemayne the Chopper, a weakling HOMo (D:6)
  A worker ant zombie (D:7)
  7 gnolls
  8 adders
  A shadow imp (D:8)
  3 oozes
  2 adder zombies (D:6)
  An adder skeleton (D:8)
  5 worms
  8 dart slugs
  6 leopard geckos
  21 orcs
  A ball python (D:1)
  3 giant cockroaches
  6 hobgoblins
  14 jackals
  3 quokkas
  6 bats
  7 frilled lizards
  9 goblins
  A jackal zombie (D:7)
  7 kobolds
  3 leopard gecko skeletons
  24 rats
173 creatures vanquished.

Vanquished Creatures (others)
  A fungus (D:8)
1 creature vanquished.

Grand Total: 174 creatures vanquished

Notes
Turn   | Place    | Note
-------+----------+-------------------------------------------
     0 | D:1      | Ijustatesigmund the Spriggan Wizard began the quest for the Orb.
     0 | D:1      | Reached XP level 1. HP: 9/9 MP: 6/6
   703 | D:2      | Reached XP level 2. HP: 6/13 MP: 0/8
   990 | D:1      | Learned a level 2 spell: Blink
   993 | D:1      | Learned a level 2 spell: Repel Missiles
  1124 | D:1      | Reached skill level 5 in Spellcasting
  1486 | D:1      | Reached XP level 3. HP: 16/16 MP: 0/10
  2316 | D:1      | Reached skill level 6 in Spellcasting
  2509 | D:1      | Reached XP level 4. HP: 21/21 MP: 7/13
  2556 | D:1      | Learned a level 3 spell: Conjure Flame
  2560 | D:1      | Learned a level 3 spell: Mephitic Cloud
  3124 | D:2      | Found a glowing silver altar of Zin.
  3408 | D:3      | Noticed Natasha
  3422 | D:3      | Killed Natasha
  3422 | D:3      | Reached skill level 7 in Spellcasting
  3422 | D:3      | Reached XP level 5. HP: 20/24 MP: 1/15
  3706 | D:3      | Noticed Natasha
  4062 | D:3      | HP: 1/24 [gnoll/spear (10)]
  4756 | D:3      | Learned a level 3 spell: Regeneration
  5221 | D:3      | Noticed Ijyb
  5412 | D:3      | Found a white marble altar of Elyvilon.
  5496 | D:3      | Reached skill level 1 in Charms
  5581 | D:3      | Reached skill level 8 in Spellcasting
  5581 | D:3      | Reached skill level 1 in Necromancy
  5581 | D:3      | Reached XP level 6. HP: 17/28 MP: 7/18
  6318 | D:3      | Killed Natasha
  6551 | D:3      | Noticed Natasha
  6565 | D:3      | Killed Natasha
  7042 | D:4      | Learned a level 2 spell: Shroud of Golubria
  7078 | D:4      | Found Jur Vuo's Gadget Shoppe.
  7184 | D:4      | Reached XP level 7. HP: 32/32 MP: 6/19
  7747 | D:4      | Found a staircase to the Ecumenical Temple.
  8284 | D:5      | Entered Level 5 of the Dungeon
  9394 | D:5      | Reached skill level 5 in Dodging
  9495 | D:6      | Reached skill level 5 in Stealth
  9530 | D:6      | Noticed brucemayne's ghost (weakling HOMo)
  9547 | D:6      | Killed brucemayne's ghost
  9714 | D:6      | You fall through a shaft for 2 floors!
  9714 | D:8      | Found a staircase to the Lair.
  9714 | D:8      | Noticed an elephant
  9714 | D:8      | Noticed a two-headed ogre
  9941 | D:8      | Reached XP level 8. HP: 21/37 MP: 12/21
  9948 | D:8      | Reached skill level 1 in Fighting
  9958 | D:8      | Noticed a troll
  9992 | D:8      | Noticed a hippogriff
 10171 | D:7      | Found Figim's Assorted Antiques.
 10614 | D:7      | Bought a coppery potion for 15 gold pieces
 10620 | D:7      | Found a large runed door.
 10620 | D:7      | Found a large runed door.
 10729 | D:7      | Slain by a water moccasin

Vault maps used:
D:1:      matt_arrival_spirals, minmay_octomino_c4
D:2:      lemuel_round_altar, first_bread, st_stairs_1
D:3:      elyvilon_altar_1, uniq_natasha, uniq_iyjb
D:4:      serial_shops, shop_fountains, mrwooster_statue_mirror, minmay_rat_hole
D:6:      lemuel_doored_altar, old_standard_altar, minmay_misc_feat_nine_boxes
D:7:      serial_shops, shop, minmay_hollow_rounded_squares
D:8:      david_lair_generic, hangedman_little_slice_of_home

Skill      XL: |  1  2  3  4  5  6  7  8 |
---------------+-------------------------+-----
Spellcasting   | 5 6 7 8 |  8.4
Charms         | 1 3 |  3.0
Necromancy     | 1 2 |  2.0
Translocations | 2 4 |  4.0
Dodging        | 6 |  6.1
Stealth        | 6 |  6.1
Fighting       | 4 |  4.0
Conjurations   | |  0.6
Summonings     | |  0.7

Action                   |  1- 3 |  4- 6 |  7- 9 || total
-------------------------+-------+-------+-------++-------
Melee: Unarmed           |    15 |       |       ||    15
       Mace              |     2 |       |       ||     2
       Flail             |       |    35 |    58 ||    93
 Cast: Magic Dart        |   129 |   291 |   253 ||   673
       Repel Missiles    |     1 |     2 |     1 ||     4
       Conjure Flame     |       |     2 |    14 ||    16
       Blink             |       |     2 |     2 ||     4
       Mephitic Cloud    |       |     4 |    15 ||    19
       Regeneration      |       |     1 |       ||     1
Evoke: Wand              |       |     3 |       ||     3
  Use: Scroll            |     1 |     5 |     9 ||    15
       Potion            |       |       |     1 ||     1
 Stab: Sleeping          |     1 |     1 |     3 ||     5
       Confused          |       |       |     2 ||     2
  Eat: Pizza             |       |     1 |       ||     1
       Fruit             |       |     2 |     2 ||     4
       Royal jelly       |       |       |     1 ||     1
Armor: Robe              |     3 |     9 |    14 ||    26
Dodge: Dodged            |    43 |   123 |   160 ||   326
       Deflected         |     2 |     3 |     1 ||     6
